 Seeded DCSS version 0.27.1-35-g4d5d836560 (webtiles) character file.

Game seed: 8 (custom seed)

14 xaos the Firebug (level 2, -5/19 HPs)
             Began as a Human Fire Elementalist on Apr 1, 2022.
             Killed from afar by Natasha (8 damage)
             ... with a magic dart
             ... on level 2 of the Dungeon.
             The game lasted 00:05:16 (1599 turns).

xaos the Firebug (Human Fire Elementalist)          Turns: 1599, Time: 00:05:17

Health: -5/19      AC:  2    Str:  8    XL:     2   Next: 60%
Magic:  3/5        EV: 12    Int: 15    God:
Gold:   34         SH:  0    Dex: 13    Spells: 4/5 levels left

rFire    . . .     SeeInvis .   b - +1 dagger (pain)
rCold    . . .     Faith    .   (no shield)
rNeg     . . .     Spirit   .   a - +0 robe
rPois    .         Reflect  .   (no helmet)
rElec    .         Harm     .   (no cloak)
rCorr    .         Rampage  .   (no gloves)
Will     .....                  (no boots)
Stlth    ++........             (no amulet)
HPRegen  0.06/turn              (no ring)
MPRegen  0.09/turn              (no ring)

@: no status effects
A: no striking features
a: no special abilities


You were on level 2 of the Dungeon.
You visited 1 branch of the dungeon, and saw 2 of its levels.

You collected 34 gold pieces.

Inventory:

Hand Weapons
 b - a +1 dagger of pain (weapon)
Missiles
 c - 20 stones
Armour
 a - a +0 robe (worn)
Potions
 d - a potion of curing {unknown}


   Skills:
 + Level 2.1 Dodging
 + Level 2.1 Stealth
 + Level 2.0 Spellcasting
 + Level 1.1 Conjurations
 + Level 3.5 Fire Magic


You had 4 spell levels left.
You knew the following spells:

 Your Spells              Type           Power      Damage    Failure   Level
a - Foxfire               Conj/Fire      32%        2x1d5     9%          1

Your spell library contained the following spells:

 Spells                   Type           Power      Damage    Failure   Level
 Conjure Flame            Conj/Fire      8%         6-21      26%         3
 Inner Flame              Hex/Fire       6%         N/A       32%         3
 Gell's Gravitas          Tloc           0%         N/A       54%         3
 Lesser Beckoning         Tloc           0%         N/A       54%         3
 Teleport Other           Tloc           1%         N/A       54%         3
 Sticky Flame             Conj/Fire      8%         2d3       65%         4
 Fireball                 Conj/Fire      4%         3d4       94%         5


Dungeon Overview and Level Annotations

Branches:
Dungeon (2/15)

Altars:

Annotations:
D:2 Natasha


Message History

Press: ? - help, Q - select action, (/) - cycle Dir - look around, f - activate You conjure some foxfire!
The foxfire hits Natasha.
Natasha is moderately wounded.
Natasha barely misses you.
The foxfire hits Natasha.
Natasha is moderately wounded.
Natasha stares at you and mumbles some strange words.
The magic dart hits you!
Casting: Foxfire (safe; 9% risk of failure)
Press: ? - help, Q - select action, (/) - cycle Dir - look around, f - activate You conjure some foxfire!
Natasha barely misses you.
Unknown command.
The foxfire hits Natasha.
Natasha is heavily wounded.
The foxfire hits Natasha but does no damage.
Natasha is heavily wounded.
Natasha closely misses you.
Casting: Foxfire (safe; 9% risk of failure)
Press: ? - help, Q - select action, (/) - cycle Dir - look around, f - activate You miscast Foxfire.
You are very lightly contaminated with residual magic.
Nothing appears to happen.
Natasha claws you.
* * * LOW HITPOINT WARNING * * *
Natasha wildly gestures.
Natasha's front paws start to glow.
You hit Natasha but do no damage.
Natasha is heavily wounded.
Natasha claws you.
* * * LOW HITPOINT WARNING * * *
Unknown command.
Your magical contamination has completely faded away.
Natasha mumbles some strange words.
You feel disoriented. Natasha closely misses you.
Natasha stares at you and mumbles some strange words.
The magic dart hits you!
You die...

##### .... #..#
#..# #..#
#######..#
#......h.#
#.######@# #.#
#.# #.# #.#
.#######.######÷#
..........<...÷.#
#################


You could see Natasha.

Vanquished Creatures
  4 ball pythons
  2 endoplasms (D:1)
  A giant cockroach (D:1)
  A bat (D:2)
  2 frilled lizards (D:1)
  3 kobolds (D:1)
  A rat (D:1)
14 creatures vanquished.

Vanquished Creatures (others)
  29 foxfires
29 creatures vanquished.

Grand Total: 43 creatures vanquished

Notes
Turn   | Place    | Note
-------+----------+-------------------------------------------
     0 | D:1      | xaos the Human Fire Elementalist began the quest for the
                  | Orb.
     0 | D:1      | Reached XP level 1. HP: 13/13 MP: 3/3
   310 | D:1      | Reached XP level 2. HP: 18/19 MP: 1/5
  1207 | D:2      | Noticed Natasha
  1599 | D:2      | Killed from afar by Natasha

Illustrated notes

Levels and vault maps discovered:
D:1:      minmay_arrival_open_corners, layout_rooms
D:2:      layout_basic, uniq_natasha

Action                   || total
-------------------------++-------
Melee: Dagger            ||    11
 Cast: Foxfire           ||    17
Armor: Robe              ||     4
Dodge: Dodged            ||    36
